 Dungeon Crawl Stone Soup version 0.19.0-9-gfd783f2 (webtiles) character file.

918 PhynixH2O the Carver (level 7, -8/66 HPs)
             Began as a Minotaur Fighter on Nov 7, 2016.
             Was an Initiate of the Shining One.
             Killed from afar by an orc wizard (12 damage)
             ... with a puff of frost
             ... on level 5 of the Dungeon.
             The game lasted 00:12:40 (4138 turns).

PhynixH2O the Carver (Minotaur Fighter)             Turns: 4138, Time: 00:12:40

Health: -8/66      AC: 10    Str: 21    XL:     7   Next: 83%
Magic:  6/6        EV:  7    Int:  5    God:    the Shining One [......]
Gold:   352        SH:  9    Dex: 11    Spells: 0 memorised, 6 levels left

rFire  + . .     SeeInvis .     x - +0 scimitar
rCold  . . .     Gourm    .     b - +0 scale mail
rNeg   . . .     Faith    .     c - +0 shield
rPois  .         Spirit   .     (helmet restricted)
rElec  .         Reflect  .     w - +1 cloak
rCorr  .         Harm     .     (no gloves)
MR     .....                    G - +0 pair of boots
Stlth  ..........               (no amulet)
                                (no ring)
                                C - ring of protection from fire

@: glowing
A: retaliatory headbutt, horns 2
a: Renounce Religion


You were on level 5 of the Dungeon.
You worshipped the Shining One.
The Shining One was noncommittal.
You were hungry.

You visited 1 branch of the dungeon, and saw 6 of its levels.

You collected 352 gold pieces.

Inventory:

Hand Weapons
 x - a +0 scimitar (weapon)
Armour
 b - a +0 scale mail (worn)
 c - a +0 shield (worn)
 w - a +1 cloak (worn)
 G - a +0 pair of boots (worn)
Jewellery
 C - a ring of protection from fire (left hand)
Scrolls
 e - 3 scrolls of fear
 h - a scroll of teleportation
 j - 4 scrolls of identify
 r - 4 scrolls of remove curse
 y - a scroll of fog {unknown}
 z - a scroll of enchant weapon {unknown}
 B - a scroll of enchant armour {unknown}
Potions
 a - a potion of heal wounds {unknown}
 d - 3 potions of might
 g - 4 potions of lignification {unknown}
 m - 2 potions of curing {unknown}
 o - a potion of flight {unknown}
 t - a potion of ambrosia {unknown}
 u - a potion of cure mutation {unknown}
 A - a potion of cancellation {unknown}
 E - a potion of brilliance {unknown}
 F - a potion of mutation {unknown}
Comestibles
 f - 5 bread rations
 k - 2 royal jellies
 p - 2 slices of pizza
 s - 2 meat rations
 v - a beef jerky


   Skills:
 + Level 7.2 Fighting
 * Level 9.1 Long Blades
 - Level 3.6 Armour
 - Level 3.6 Shields


You had 6 spell levels left.
You didn't know any spells.

Dungeon Overview and Level Annotations

Branches:
Dungeon (6/15)
 Temple: D:4-7

Altars:
Kikubaaqudgha
The Shining One

Annotations:
D:6 Pikel


Innate Abilities, Weirdness & Mutations

You reflexively headbutt those who attack you in melee.
You have a pair of horns on your head.


Message History

You see here a tomahawk.
The orc wizard shouts!
You see here a tomahawk.
You block the orc wizard's attack.
You hit the orc wizard but do no damage.
You block the orc wizard's attack.
The orc wizard gestures wildly while chanting.
The orc wizard seems to speed up.
The orc wizard barely misses you.
The orc wizard hits you but does no damage.
There is a stone staircase leading up here.
You see here a tomahawk.
The orc wizard points at you and mumbles some strange words.
You block the puff of frost.
You climb upwards.
There is a stone staircase leading down, spattered with blood here.
You hit the orc wizard but do no damage.
The orc wizard points at you and mumbles some strange words.
The puff of frost hits you!
You die...

#.............#..:.#
#.............#....#
#.............#....#
#.............#....#
#.............#....###
#.............'....'..
#.............#....###
####)o........########
#.@.......>'.......
#..........########
##'######### #
######'###### #
#...........# ###
#...........# #..
#...........## #.#
##...........# #.#
#.###.......# #..


You could see an orc wizard.

Vanquished Creatures
  An orc warrior (D:6)
  An ice beast (D:5)
  An ogre (D:5)
  A centaur (D:6)
  A crimson imp (D:5)
  A centaur skeleton (D:5)
  3 orc priests
  3 worker ants
  2 iguanas (D:4)
  2 orc wizards (D:4)
  4 gnolls (D:6)
  6 adders
  An ooze (D:3)
  2 worms
  2 dart slugs (D:2)
  5 leopard geckos
  14 orcs
  2 giant cockroaches
  5 goblins
  11 hobgoblins
  9 jackals
  3 quokkas
  A ball python (D:4)
  6 bats
  3 frilled lizards
  9 kobolds
  10 rats
109 creatures vanquished.

Vanquished Creatures (others)
  An orc wizard (D:4)
1 creature vanquished.

Grand Total: 110 creatures vanquished

Notes
Turn   | Place    | Note
-------+----------+-------------------------------------------
     0 | D:1      | PhynixH2O the Minotaur Fighter began the quest for the Orb.
     0 | D:1      | Reached XP level 1. HP: 19/19 MP: 0/0
   315 | D:1      | Reached skill level 3 in Long Blades
   326 | D:1      | Reached XP level 2. HP: 24/27 MP: 1/1
   921 | D:2      | Reached XP level 3. HP: 28/34 MP: 2/2
  1266 | D:2      | Reached skill level 4 in Long Blades
  1772 | D:2      | Reached XP level 4. HP: 38/41 MP: 3/3
  2045 | D:3      | Reached skill level 5 in Fighting
  2239 | D:3      | Reached skill level 5 in Long Blades
  2266 | D:3      | Reached XP level 5. HP: 43/48 MP: 4/4
  2475 | D:3      | You fall through a shaft for 3 floors!
  2583 | D:6      | Noticed an orc warrior
  2601 | D:6      | Noticed a centaur
  2608 | D:6      | Killed a centaur
  2608 | D:6      | Reached skill level 6 in Long Blades
  2608 | D:6      | Reached XP level 6. HP: 44/57 MP: 5/5
  2618 | D:5      | Entered Level 5 of the Dungeon
  2816 | D:5      | Found an ancient bone altar of Kikubaaqudgha.
  2872 | D:5      | Found a glowing golden altar of the Shining One.
  2893 | D:5      | Became a worshipper of the Shining One
  2927 | D:5      | Reached skill level 7 in Long Blades
  3033 | D:4      | Reached XP level 7. HP: 42/64 MP: 6/6
  3406 | D:4      | Reached skill level 8 in Long Blades
  4117 | D:6      | Reached skill level 9 in Long Blades
  4122 | D:6      | HP: 1/66 [orc priest/divine providence (11)]
  4123 | D:6      | Noticed Pikel
  4138 | D:5      | Killed from afar by an orc wizard

Skill      XL: |  1  2  3  4  5  6  7 |
---------------+----------------------+-----
Long Blades    | 3 4 5 6 7 9 |  9.1
Fighting       | 4 5 6 7 |  7.2
Armour         | |  3.6
Shields        | |  3.6

Action                   |  1- 3 |  4- 6 |  7- 9 || total
-------------------------+-------+-------+-------++-------
Melee: Long sword        |   103 |    66 |       ||   169
       Headbutt          |    15 |    23 |    11 ||    49
       Scimitar          |       |    65 |    71 ||   136
  Use: Scroll            |       |       |     8 ||     8
  Eat: Chunk             |     3 |     4 |     3 ||    10
Armor: Scale mail        |    49 |    53 |    15 ||   117
Dodge: Dodged            |    26 |    47 |    18 ||    91
Block: Shield            |    59 |    78 |    33 ||   170
       Rpst.: Long sword |     9 |     5 |       ||    14
       Scimitar          |       |     8 |     3 ||    11
